AoeStats
← RoR | Vodka_L_2

Arabian Desert

510083874Analyzed
1v1 RM · 3d ago on Sep 29, 2026· 44m 0s· 2 players
Game mode
Random Map
Map size
Tiny (2 player)
Population
200
Speed
Normal
Resources
Standard
Victory
Conquest
Starting age
Dark Age
Ending age
Imperial Age
RankedLock teamsTeams togetherTeam positionsShared explorationLock speedFull tech treeHidden civsTurbo modeCheats
Victory
Defeat
🇬🇧 Vikings · United Kingdom
2825
+7
🇮🇹 Danes · Italy
2611
-7
Oni.Lewis
6:32 Loom
8:43 Feudal Age
16:03 Double-Bit Axe
21:07 Castle Age
19:44 Fletching
20:16 Horse Collar
21:04 Scale Mail Armor
21:46 Bodkin Arrow
28:30 Chain Mail Armor
30:18 Forging
30:12 Squires
31:40 Town Watch
42:23 Iron Casting
42:57 Bow Saw
RoR | Vodka_L_2
6:26 Loom
8:51 Feudal Age
8:58 Man-at-Arms
14:14 Double-Bit Axe
16:02 Fletching
20:34 Castle Age
19:05 Scale Mail Armor
19:13 Arson
21:33 Gold Mining
21:26 Horse Collar
27:56 Town Watch
28:14 Pikeman
31:12 Forging
33:53 Chain Mail Armor
34:40 Wheelbarrow
38:34 Iron Casting
40:07 Squires
40:15 Stone Mining
41:28 Hamask
Connection lost

Rejoining the realm…

Still unreachable

The connection could not be restored.

Session expired

The server has moved on; the page needs a fresh start.